Description

Macro Style Build

Replay - Nickos v Siegfried - Overgrowth LE (Void)

Build Order

Get SALT Encoding   

  12  0:00  SCV  
  13  0:12  SCV  
  14  0:18  Supply Depot  
  14  0:24  SCV  
  15  0:40  SCV  
  15  0:41  Barracks  
  16  0:44  Refinery  
  16  0:52  SCV  
  18  1:04  SCV  
  18  1:16  SCV  
  19  1:28  Reaper  
  19  1:29  Orbital Command  
  20  1:42  Command Center  
  20  1:51  Supply Depot  
  20  1:54  SCV  
  20  2:00  Marine  
  22  2:06  SCV  
  23  2:14  Refinery  
  23  2:15  Factory  
  23  2:18  SCV  
  24  2:28  Barracks Reactor  
  24  2:30  SCV  
  25  2:45  SCV  
  26  2:55  Command Center, Orbital Command  
  26  2:59  Factory Reactor  
  26  3:01  Factory Tech Lab  
  26  3:04  Starport  
  26  3:07  Marine  
  26  3:11  SCV  
  28  3:19  Marine  
  29  3:23  SCV  
  33  3:27  Siege Tank  
  33  3:28  SCV  
  34  3:35  SCV  
  34  3:37  Marine  
  34  3:38  Marine  
  34  3:40  Starport Reactor, SCV  
  38  3:44  Refinery  
  38  3:48  SCV  
  39  3:49  Refinery  
  39  3:52  SCV  
  40  4:00  SCV, Marine x2  
  43  4:04  Siege Tank  
  43  4:07  SCV  
  47  4:10  Orbital Command  
  47  4:13  SCV  
  48  4:19  SCV  
  48  4:20  Marine x2  
  51  4:25  SCV  
  51  4:26  Viking  
  54  4:31  SCV  
  54  4:32  Viking  
  54  4:37  Supply Depot  
  58  4:38  SCV  
  58  4:40  SCV  
  59  4:46  Marine x2  
  59  4:50  SCV  
  61  4:59  Siege Tank, SCV  
  65  5:01  Supply Depot  
  65  5:04  Supply Depot  
  65  5:07  SCV  
  65  5:11  SCV  
  65  5:14  Infernal Pre-Igniter  
  67  5:18  Factory  
  67  5:19  SCV, Orbital Command  
  68  5:21  Factory  
  68  5:28  SCV  
  69  5:31  Siege Tank, SCV  
  69  5:32  Armory  
  69  5:33  Supply Depot, Barracks Tech Lab  
  73  5:39  Viking  
  73  5:40  SCV  
  76  5:43  SCV  
  76  5:45  Viking  
  76  5:49  SCV  
  80  5:52  SCV  
  80  5:56  Supply Depot, SCV  
  82  6:18  SCV x3  
  84  6:19  Supply Depot  
  84  6:24  Supply Depot  
  81  6:25  Terran Vehicle Weapons Level 1  
  81  6:28  Siege Tank x2  
  81  6:29  Hellion x2  
  81  6:30  SCV x2  
  80  6:53  Hellion x2  
  76  6:55  SCV  
  76  7:00  Siege Tank, Hellion  
  82  7:03  Command Center  
  82  7:14  Hellion  
  84  7:18  Hellion  
  84  7:21  Siege Tank  
  89  7:26  SCV x2  
  91  7:32  Siege Tank  
  91  7:34  Supply Depot  
  91  7:35  Hellion  
  96  7:38  Supply Depot  
  96  7:39  Hellion  
  98  7:53  Siege Tank  
  98  7:57  Hellion  
  98  7:58  Supply Depot  
  103  8:00  Hellion  
  103  8:01  Supply Depot  
  103  8:04  Siege Tank  
  108  8:06  SCV x2  
  108  8:08  Engineering Bay  
  110  8:18  SCV, Hellion  
  113  8:22  Hellion  
  113  8:25  Siege Tank  
  110  8:28  Viking x2  
  112  8:36  Siege Tank  
  112  8:40  Hellion  
  117  8:41  Orbital Command  
  117  8:46  SCV x2  
  119  8:57  Siege Tank  
  119  8:58  SCV, Viking x2  
  127  9:05  Sensor Tower  
  127  9:08  Siege Tank  
  116  9:29  Hellion x2  
  116  9:30  Siege Tank  
  112  9:36  Orbital Command  
  112  9:40  Siege Tank  
  115  9:49  Refinery  
  115  9:50  Hellion  
  115  9:51  Hellion  
  117  9:53  Refinery  
Spawning Tool Build Advisor. Get it on Overwolf

Go to:

Details

  • Created by: dahappychappyc
  • Published on: Nov 28, 2016
  • Modified on: Nov 28, 2016
  • Patch: Pre-3.8.0
Show
View Real Time Build Order
Export as new Build Order

Comments (0)

There are no comments. Be the first!

Create an account to comment!